 Dungeon Crawl Stone Soup version 0.20.1-1-g8b1a95d (console) character file.

305 vuolankoinen the Sneak (level 6, -2/41 HPs)
             Began as an Octopode Enchanter on Nov 27, 2017.
             Was a Follower of Uskayaw.
             Slain by a worker ant (5 damage)
             ... on level 4 of the Dungeon.
             The game lasted 00:09:21 (3282 turns).

vuolankoinen the Sneak (Octopode Enchanter)         Turns: 3282, Time: 00:09:22

Health: -2/41      AC:  1    Str: 10    XL:     6   Next: 39%
Magic:  0/9        EV: 14    Int: 17    God:    Uskayaw [*.....]
Gold:   106        SH:  0    Dex: 12    Spells: 6/9 levels left

rFire    . . .     SeeInvis .   a - +1 dagger
rCold    . . .     Gourm    .   (no shield)
rNeg     . . .     Faith    .   (helmet restricted)
rPois    .         Spirit   .   (no amulet)
rElec    .         Reflect  .   (no ring)
rCorr    .         Harm     .   (no ring)
MR       .....                  (no ring)
Stlth    ++++......             (no ring)
Regen    0.2/turn               (no ring)
MPRegen  0.2/turn               (no ring)
                                (no ring)
                                (no ring)

@: lethally poisoned (-2 -> -10), very slightly contaminated
A: almost no armour, stealthy swim, amphibious, 8 rings, constrict 8, camouflage
1, gelatinous body 1
a: Stomp, Renounce Religion


You were on level 4 of the Dungeon.
You worshipped Uskayaw.
Uskayaw was noncommittal.
You were not hungry.

You visited 1 branch of the dungeon, and saw 4 of its levels.

You collected 106 gold pieces.

Inventory:

Hand Weapons
 a - a +1 dagger (weapon)
Wands
 o - a wand of lightning (2/15)
Scrolls
 h - 4 scrolls of teleportation {unknown}
 l - a scroll of remove curse {unknown}
 n - 2 scrolls of identify {unknown}
 q - a scroll of recharging {unknown}
 r - 2 scrolls of magic mapping {unknown}
 s - a scroll of random uselessness {unknown}
Potions
 d - a potion of invisibility {unknown}
 e - a potion of ambrosia
 f - a potion of cancellation {unknown}
 g - a potion of heal wounds {unknown}
 i - 2 potions of curing {unknown}
 k - 3 potions of flight {unknown}
 m - 2 potions of brilliance {unknown}
 u - a potion of magic {unknown}
Books
 b - a book of Maledictions

   Spells                             Type                      Level
   a - Corona                         Hexes                        1
   b - Ensorcelled Hibernation        Hexes/Ice                    2
   c - Confuse                        Hexes                        3
   d - Tukima's Dance                 Hexes                        3
   e - Dazzling Spray                 Conjuration/Hexes            3
 t - a book of Changes

   Spells                             Type                      Level
   a - Beastly Appendage              Transmutation                1
   b - Sticks to Snakes               Transmutation                2
   c - Spider Form                    Transmutation/Poison         3
   d - Ice Form                       Ice/Transmutation            4
   e - Blade Hands                    Transmutation                5
Comestibles
 c - 2 bread rations
 j - 2 meat rations
 p - 2 fruits
 v - 7 chunks of flesh


   Skills:
 * Level 2.8 Fighting
 + Level 2.2 Short Blades
 + Level 2.6 Dodging
 + Level 7.5 Stealth
 - Level 2.0 Spellcasting
 - Level 3.0 Hexes
 + Level 0.8 Ice Magic


You had 6 spell levels left.
You knew the following spells:

 Your Spells              Type           Power        Failure   Level  Hunger
a - Corona                Hex            ##.....      5%          1    #......
b - Ensorcelled Hibernat  Hex/Ice        #.....       14%         2    ###....


Dungeon Overview and Level Annotations

Branches:
Dungeon (4/15)
 Temple: D:4-7

Altars:
Uskayaw


Innate Abilities, Weirdness & Mutations

You cannot wear most types of armour.
You are very stealthy in the water. (Stealth+)
You are amphibious.
You can wear up to eight rings at the same time.
You can use your tentacles to constrict eight enemies at once.
Your skin changes colour to match your surroundings (Stealth+).
Your rubbery body absorbs attacks. (AC +1, EV +1)


Message History

* * * LOW HITPOINT WARNING * * *
Casting: Ensorcelled Hibernation
Confirm with . or Enter, or press ? or * to list all spells.
Aiming: Ensorcelled Hibernation
Press: ? - help, Shift-Dir - straight line, f/p - worker ant
Aim: a worker ant (chance to defeat MR: 49%)
You miscast Ensorcelled Hibernation.
You are very lightly contaminated with residual magic.
You feel a bit tired. The worker ant closely misses you.
The worker ant barely misses you.
Casting: Ensorcelled Hibernation
Confirm with . or Enter, or press ? or * to list all spells.
Aiming: Ensorcelled Hibernation
Press: ? - help, Shift-Dir - straight line, f/p - worker ant
Aim: a worker ant (chance to defeat MR: 49%)
You miscast Ensorcelled Hibernation.
You feel uncomfortably cold. The worker ant bites you!
* * * LOW HITPOINT WARNING * * *
You are lethally poisoned!
The worker ant poisons you! The worker ant bites you.
You die...

###...###.##.##...#
#####.##.# #.#...#.##..'S..#
#...#..#.#
#.#...#.#####...###...##.#.#
#....#.##.# #.........##...#
######....# ###.............
#....# #...........>. #....#
######........ ###....#
###########.# #<#....#
#.....# #.. ######.#....#
######.###.#####..
#............#
#@...#.###........
#.#####.#.####
#a#......#######..
#.#....###.#......# ##.
#.##....##.#..[...# #.
..##.#..##.##.....# #.
####.#..##.##.....# ##
#.......##.....# #
##########.....#########
#..............
#......######## ######.#...#


You could see a worker ant.

Vanquished Creatures
  A scorpion (D:4)
  A gnoll shaman (D:4)
  Ijyb (D:3)
  9 gnolls
  4 adders
  A worm (D:3)
  4 dart slugs
  7 giant cockroaches
  7 goblins
  7 hobgoblins
  7 jackals (D:3)
  3 quokkas
  6 bats
  2 frilled lizards (D:2)
  7 kobolds
  7 rats
74 creatures vanquished.

Vanquished Creatures (others)
  A plant (D:2)
1 creature vanquished.

Grand Total: 75 creatures vanquished

Notes
Turn   | Place    | Note
-------+----------+-------------------------------------------
     0 | D:1      | vuolankoinen the Octopode Enchanter began the quest for the Orb.
     0 | D:1      | Reached XP level 1. HP: 11/11 MP: 3/3
   321 | D:1      | Reached XP level 2. HP: 17/17 MP: 5/5
   535 | D:1      | Learned a level 2 spell: Ensorcelled Hibernation
  1184 | D:2      | Reached XP level 3. HP: 20/22 MP: 1/6
  1204 | D:2      | Reached skill level 5 in Stealth
  1229 | D:2      | Reached skill level 1 in Fighting
  1260 | D:3      | Noticed Ijyb
  1272 | D:3      | Killed Ijyb
  1272 | D:3      | Reached XP level 4. HP: 15/29 MP: 1/7
  1789 | D:2      | Reached XP level 5. HP: 22/35 MP: 5/8
  2421 | D:3      | Reached skill level 6 in Stealth
  2523 | D:3      | Found a hide-covered altar of Uskayaw.
  2523 | D:3      | Noticed a dagger
  2523 | D:3      | Noticed a hand axe
  2535 | D:3      | Became a worshipper of Uskayaw the Reveler
  2602 | D:3      | Reached * piety under Uskayaw
  2860 | D:4      | Reached XP level 6. HP: 24/41 MP: 2/9
  3205 | D:4      | Reached skill level 7 in Stealth
  3205 | D:4      | Reached ** piety under Uskayaw
  3207 | D:4      | Reached *** piety under Uskayaw
  3282 | D:4      | Slain by a worker ant

Skill      XL: |  1  2  3  4  5  6 |
---------------+-------------------+-----
Stealth        | 5 6 7 |  7.5
Fighting       | 1 2 |  2.8
Short Blades   | 2 |  2.2
Dodging        | |  2.6
Spellcasting   | |  2.0
Hexes          | |  3.0
Ice Magic      | |  0.8

Action                   |  1- 3 |  4- 6 || total
-------------------------+-------+-------++-------
Melee: Dagger            |    50 |   103 ||   153
       Constrict         |    10 |    19 ||    29
       Tentacles         |     6 |    11 ||    17
 Cast: Ensorcelled Hiber |     5 |    17 ||    22
       Corona            |       |     2 ||     2
Evoke: Wand              |       |     1 ||     1
  Use: Potion            |       |     1 ||     1
 Stab: Sleeping          |    12 |    23 ||    35
       Distracted        |     1 |     2 ||     3
  Eat: Chunk             |     1 |     8 ||     9
Armor: Skin              |     4 |     4 ||     8
Dodge: Dodged            |    30 |    61 ||    91
